 Dungeon Crawl Stone Soup version 0.29.0-4-gdea44cf6ec (webtiles) character file.

Game seed: 9049307557868715146

8764 qw the Cleaver (level 11, -7/86 HPs)
             Began as a Formicid Cinder Acolyte on Sept 4, 2022.
             Was a Follower of Okawaru.
             Mangled by a fire elemental (13 damage)
             ... created by the fiery vengeance of Ignis
             ... on level 1 of the Lair of Beasts.
             The game lasted 00:03:47 (11968 turns).

qw the Cleaver (Formicid Cinder Acolyte)           Turns: 11968, Time: 00:03:48

Health: -7/86      AC: 25    Str: 27    XL:     11   Next: 61%
Magic:  11/13      EV: 15    Int: 15    God:    Okawaru [*.....]
Gold:   316        SH: 10    Dex: 15    Spells: 12/12 levels left

rFire   . . .      SeeInvis +   f - +2 war axe
rCold   . . .      Faith    .   d - +3 buckler of the Watchman {Rampage Drain rCorr Str-3}
rNeg    . . .      Spirit   .   a - +1 plate armour
rPois   .          Reflect  .   (helmet unavailable)
rElec   +          Harm     .   m - +1 cloak "Tekhilei" {Will+}
rCorr   +          Rampage  +   p - +1 pair of gloves
Will    ++...                   c - +2 pair of boots of Infinity {rElec Stlth+}
Stlth   ..........              (no amulet)
HPRegen 0.24/turn               o - ring of Aderah {Str+5 Dex+6 Stlth-}
MPRegen 0.13/turn               b - ring "Fustiud" {EV+4 Str+3}

@: heroic, fire susceptible
A: permanent stasis, dig shafts and tunnels, antennae 3, four strong arms
a: Dig, Shaft Self, Renounce Religion, Heroism


You were on level 1 of the Lair of Beasts.
You worshipped Okawaru.
Okawaru was aware of your devotion.
You visited 3 branches of the dungeon, and saw 11 of its levels.
You also visited: Sewer.

You collected 700 gold pieces.
You spent 384 gold pieces at shops.


Innate Abilities, Weirdness & Mutations

You cannot be hasted, slowed, berserked, paralysed or teleported.
You can dig through walls and to a lower floor.
You have a pair of large antennae on your head. (SInv)
Your four strong arms can wield two-handed weapons with a shield.


   Skills:
 - Level 8.0(13.0) Fighting
 + Level 12.2(17.2) Axes
 - Level 4.1(9.1) Throwing
 - Level 8.0(13.0) Armour
 - Level 3.0(8.0) Dodging
 - Level 6.1(11.1) Shields
 - Level 1.1 Spellcasting
 - Level 3.0 Fire Magic
 + Level 3.2 Invocations


You had 12 spell levels left.
You didn't know any spells.
Your spell library contained the following spells:

 Spells                   Type           Power      Damage    Failure   Level
 Scorch                   Fire           18%        2d6       65%         2

Inventory:

Hand Weapons
 f - a +2 war axe (weapon)
 j - a +1 hand axe of flaming
Missiles
 r - 2 silver javelins
 t - 3 boomerangs (quivered)
Armour
 a - a +1 plate armour (worn)
 c - the +2 pair of boots of Infinity (worn) {rElec Stlth+}
   (You acquired it on level 6 of the Dungeon)

   rElec:     It insulates you from electricity.
   Stlth:     It makes you more stealthy.
 d - the +3 buckler of the Watchman (worn) {Rampage Drain rCorr Str-3}
   (You found it on level 6 of the Dungeon)

   Str:       It affects your strength (-3).
   rCorr:     It protects you from acid and corrosion.
   Drain:     It drains your maximum health when unequipped.
   Rampage:   It bestows one free step when moving towards enemies.
 g - the +5 ring mail of Impatience {rElec rF++ Int+4}
   (You found it on level 4 of the Dungeon)

   Int:       It affects your intelligence (+4).
   rF:        It greatly protects you from fire.
   rElec:     It insulates you from electricity.
 m - the +1 cloak "Tekhilei" (worn) {Will+}
   (You acquired it on level 1 of the Lair of Beasts)

   Will:      It increases your willpower.
 p - a +1 pair of gloves (worn)
Jewellery
 b - the ring "Fustiud" (right hand) {EV+4 Str+3}
   (You took it off a goblin on level 2 of the Dungeon)

   [ring of evasion]

   EV:        It affects your evasion (+4).
   Str:       It affects your strength (+3).
 o - the ring of Aderah (left hand) {Str+5 Dex+6 Stlth-}
   (You found it on level 6 of the Dungeon)

   [ring of dexterity]

   Str:       It affects your strength (+5).
   Dex:       It affects your dexterity (+6).
   Stlth:     It makes you less stealthy.
Scrolls
 e - 3 scrolls of identify
Potions
 h - 3 potions of might
 i - 3 potions of curing
 k - 2 potions of cancellation
 l - a potion of haste
 q - 3 potions of mutation

Dungeon Overview and Level Annotations

Branches:
Dungeon (9/15)             Temple (1/1) D:6            Lair (1/5) D:9
  Sewer (visited)
    Orc: D:9-12

Altars:
Ashenzari
Dithmenos
Elyvilon
Gozag
Hepliaklqana
Makhleb
Okawaru
Sif Muna
Trog
Uskayaw
Vehumet
Wu Jian
Xom
Yredelemnul
Zin

Shops:
D:8 !

Annotations:
D:9 2 transporters


Message History

You slash the fire elemental!
The fire elemental is severely damaged.
You block the fire elemental's attack.
You hit the fire elemental.
The fire elemental is almost destroyed.
You hit the fire elemental.
You destroy the fire elemental!
That felt strangely unrewarding.
You start resting.
Magic restored.
You start resting.
You feel like a meek peon again. "Attack, my last stalwart servants!"
You sense a monster nearby. 3 fire elementals come into view.
11963 ||| INVOKING Heroism.
You gain the combat prowess of a mighty hero.
You closely miss the fire elemental. You barely miss the fire elemental.
You hit the fire elemental but do no damage.
You slash the fire elemental! The fire elemental barely misses you.
The fire elemental closely misses you.
You slash the fire elemental!
The fire elemental is almost destroyed.
You closely miss the fire elemental. You hit the fire elemental.
You block the fire elemental's attack. The fire elemental hits you.
The fire elemental burns you! The fire elemental hits you.
The fire elemental burns you!
You hit the fire elemental.
The fire elemental is almost destroyed.
You closely miss the fire elemental.
You hit the fire elemental but do no damage.
You block the fire elemental's attack. The fire elemental hits you.
The fire elemental burns you! The fire elemental closely misses you.
You hit the fire elemental.
The fire elemental is almost destroyed.
You slash the fire elemental!
You hit the fire elemental but do no damage.
The fire elemental barely misses you. The fire elemental misses you.
The fire elemental hits you. The fire elemental burns you!
You die...

###...........##
###....
#........#.##..#
####......
##.######.###..#
###.....)### ##.#
###
##.####......##.#
###
#...#......######
##.......##.####
##...........#.###
##E.#####........P#
#E@## ####.......
#0.E..# ######..
#.###.... #P.. #..
##.... #... #.##
#.. #... #.. #
##... ... #.... ..
#P... ##...


You could see 3 fire elementals.

Vanquished Creatures
  Amaemon (Lair:1)
  Pikel (D:5)
  An orange demon (Lair:1)
  2 cane toads (Lair:1)
  A rime drake (Lair:1)
  A komodo dragon (D:9)
  A polar bear (Lair:1)
  9 yaks
  A wyvern (D:8)
  A wraith (D:9)
  3 steam dragons
  5 fire elementals (Lair:1)
  2 chaos spawn (D:8)
  An acid dragon (D:9)
  3 water moccasins
  Duvessa (D:4)
  Pargi (Sewer)
  An orc warrior (D:9)
  2 ice beasts (D:6)
  A sky beast (D:7)
  A black bear (D:9)
  3 ogres
  5 wolves (Lair:1)
  4 centaurs
  4 lemures (D:5)
  A kobold brigand (D:7)
  9 bullfrogs
  2 scorpions
  Dowan (D:4)
  6 killer bees (D:8)
  2 howler monkeys
  A hound (D:5)
  A jelly (D:7)
  4 orc priests
  Ijyb (D:4)
  Terence (D:2)
  8 iguanas
  An orc wizard (D:4)
  4 gnolls (D:2)
  12 adders
  A shadow imp (D:6)
  3 white imps
  An ufetubus (D:7)
  A worm (D:1)
  2 dart slugs
  16 orcs
  10 ball pythons
  2 bats
  3 endoplasms
  6 giant cockroaches
  10 goblins
  4 hobgoblins
  5 jackals
  4 quokkas
  3 frilled lizards
  15 kobolds
  3 rats
199 creatures vanquished.

Vanquished Creatures (others)
  2 fungi (D:9)
  4 plants (D:9)
6 creatures vanquished.

Grand Total: 205 creatures vanquished

Notes
Turn   | Place    | Note
-------+----------+-------------------------------------------
     0 | D:1      | qw the Formicid Cinder Acolyte began the quest for the Orb.
     0 | D:1      | Reached XP level 1. HP: 18/18 MP: 2/2
     0 | D:1      | 0 ||| qw: Version: 0.1-a-102-g441f92d
     0 | D:1      | 0 ||| qw: Game counter: 5319
     0 | D:1      | 0 ||| qw: Always use a shield: true
     0 | D:1      | 0 ||| qw: God list: Okawaru
     0 | D:1      | 0 ||| qw: Allow faded altars: false
     0 | D:1      | 0 ||| qw: Do Orc after D:15 true
     0 | D:1      | 0 ||| qw: Do second Lair branch before Depths: true
     0 | D:1      | 0 ||| qw: Lair rune preference: random
     0 | D:1      | 0 ||| qw: Plans: Normal
     0 | D:1      | 0 ||| PLANNING D:1-11
    64 | D:1      | 64 ||| Stepping ~*~*~tactically~*~*~ (stealth).
   170 | D:1      | 170 ||| INVOKING Fiery Armour.
   330 | D:1      | Found a faded altar of an unknown god.
   351 | D:1      | Reached XP level 2. HP: 24/24 MP: 3/3
  1265 | D:1      | Reached skill level 4 in Axes
  1265 | D:1      | Reached XP level 3. HP: 29/29 MP: 4/4
  1337 | D:1      | 1337 ||| UPGRADING to +0 leather armour.
  1347 | D:1      | 1347 ||| DROPPING +0 robe.
  1348 | D:1      | 1348 ||| UPGRADING to +0 scale mail.
  1358 | D:1      | 1358 ||| DROPPING +0 leather armour.
  1359 | D:1      | 1359 ||| UPGRADING to +6 ring of dexterity.
  1360 | D:1      | 1360 ||| DROPPING ring of flight.
  1361 | D:1      | 1361 ||| READING 2 scrolls labelled ZUETWENLOU.
  1362 | D:1      | 1362 ||| READING 4 scrolls labelled XIJEH ATRIA.
  1363 | D:1      | 1363 ||| READING scroll labelled BAMONW LELEDAEMOTA.
  1364 | D:1      | 1364 ||| READING scroll labelled AMUERY YZAH.
  1365 | D:1      | 1365 ||| READING scroll labelled UFAASI MEINUA.
  1366 | D:1      | 1366 ||| DROPPING scroll of fog.
  1408 | D:2      | Reached skill level 1 in Armour
  1408 | D:2      | 1408 ||| STAIRDANCE
  1574 | D:2      | Found a radiant altar of Vehumet.
  1576 | D:2      | 1576 ||| Stepping ~*~*~tactically~*~*~ (stealth).
  1590 | D:2      | Reached skill level 1 in Dodging
  1724 | D:2      | Reached XP level 4. HP: 35/35 MP: 5/5
  1804 | D:2      | 1804 ||| Stepping ~*~*~tactically~*~*~ (stealth).
  1851 | D:2      | 1851 ||| Stepping ~*~*~tactically~*~*~ (stealth).
  1961 | D:2      | Identified the ring "Fustiud" {EV+4 Str+3}
  1962 | D:2      | 1962 ||| Stepping ~*~*~tactically~*~*~ (stealth).
  1967 | D:2      | 1967 ||| Stepping ~*~*~tactically~*~*~ (stealth).
  2077 | D:2      | 2077 ||| Stepping ~*~*~tactically~*~*~ (stealth).
  2079 | D:2      | 2079 ||| Stepping ~*~*~tactically~*~*~ (stealth).
  2083 | D:2      | 2083 ||| Stepping ~*~*~tactically~*~*~ (stealth).
  2110 | D:2      | Identified the +1 ring mail of the Camelopard {rElec Int+3
                  | Slay+2}
  2111 | D:2      | 2111 ||| Stepping ~*~*~tactically~*~*~ (stealth).
  2301 | D:2      | Noticed Terence
  2313 | D:2      | 2313 ||| INVOKING Fiery Armour.
  2314 | D:2      | HP: 7/35 [Terence/+2 vorpal hand axe (5)]
  2315 | D:2      | HP: 3/35 [Terence/+2 vorpal hand axe (3)]
  2317 | D:2      | Killed Terence
  2318 | D:2      | Reached skill level 5 in Axes
  2318 | D:2      | Reached XP level 5. HP: 3/41 MP: 6/6
  2640 | D:2      | 2640 ||| UPGRADING to +0 plate armour.
  2650 | D:2      | 2650 ||| DROPPING +0 scale mail.
  2651 | D:2      | 2651 ||| UPGRADING to ring "Fustiud" {EV+4 Str+3}.
  2652 | D:2      | 2652 ||| READING scroll labelled VYHILLORENT.
  2653 | D:2      | 2653 ||| READING scroll labelled KAONWIBAQA.
  2654 | D:2      | 2654 ||| READING 3 scrolls of identify.
  2654 | D:2      | 2654 ||| IDENTIFYING brown potion
  2667 | D:3      | 2667 ||| STAIRDANCE
  2669 | D:2      | 2669 ||| INVOKING Fiery Armour.
  2735 | D:3      | 2735 ||| STAIRDANCE
  2800 | D:3      | 2800 ||| STAIRDANCE
  2887 | D:3      | 2887 ||| STAIRDANCE
  3131 | D:3      | 3131 ||| Stepping ~*~*~tactically~*~*~ (hiding).
  3137 | D:3      | 3137 ||| Stepping ~*~*~tactically~*~*~ (hiding).
  3159 | D:3      | 3159 ||| Stepping ~*~*~tactically~*~*~ (stealth).
  3473 | D:3      | 3473 ||| READING scroll labelled OJIKUA QEUD.
  3474 | D:3      | 3474 ||| READING scroll labelled PYNTALO XEUSSY.
  3475 | D:3      | 3475 ||| READING scroll labelled SUOCIOP RIDU.
  3476 | D:3      | 3476 ||| READING scroll labelled RIDDU UTROIFIC.
  3477 | D:3      | 3477 ||| READING 2 scrolls of identify.
  3477 | D:3      | 3477 ||| IDENTIFYING smoky coppery potion
  3478 | D:3      | 3478 ||| DROPPING potion of invisibility.
  3479 | D:3      | 3479 ||| Stepping randomly (stuck).
  3480 | D:3      | 3480 ||| Stepping ~*~*~tactically~*~*~ (cloud).
  3487 | D:3      | HP: 10/41 [poisoned by you (poison gas)]
  3768 | D:4      | Noticed Duvessa
  3772 | D:4      | 3772 ||| STAIRDANCE
  3775 | D:4      | Noticed Dowan
  3776 | D:4      | 3776 ||| STAIRDANCE
  3823 | D:4      | 3823 ||| STAIRDANCE
  3827 | D:4      | 3827 ||| STAIRDANCE
  3835 | D:4      | 3835 ||| INVOKING Fiery Armour.
  3841 | D:4      | Killed Dowan
  3842 | D:4      | Reached XP level 6. HP: 47/47 MP: 7/7
  3848 | D:4      | HP: 7/47 [Duvessa/+0 short sword (13)]
  3848 | D:4      | Killed Duvessa
  3849 | D:4      | Reached skill level 6 in Axes
  3849 | D:4      | 3849 ||| STAIRDANCE
  4133 | D:4      | Noticed Ijyb
  4137 | D:4      | 4137 ||| INVOKING Fiery Armour.
  4143 | D:4      | Killed Ijyb
  4152 | D:4      | Reached skill level 3 in Armour
  4152 | D:4      | Reached XP level 7. HP: 52/52 MP: 8/8
  4187 | D:4      | 4187 ||| Stepping ~*~*~tactically~*~*~ (stealth).
  4248 | D:4      | 4248 ||| READING scroll of enchant weapon.
  4248 | D:4      | 4248 ||| ENCHANTING +0 hand axe of flaming.
  4289 | D:4      | Identified the +5 ring mail of Impatience {rElec rF++
                  | Int+4}
  4427 | D:4      | Reached skill level 7 in Axes
  4627 | D:4      | 4627 ||| UPGRADING to +5 ring mail of Impatience {rElec
                  | rF++ Int+4}.
  4637 | D:4      | 4637 ||| DRINKING 2 viscous green potions.
  4661 | D:4      | 4661 ||| DRINKING 2 sedimented pink potions.
  4662 | D:4      | 4662 ||| DROPPING potion of lignification.
  4691 | D:5      | Entered Level 5 of the Dungeon
  4731 | D:5      | 4731 ||| Stepping ~*~*~tactically~*~*~ (stealth).
  4749 | D:5      | Reached XP level 8. HP: 39/60 MP: 9/9
  4928 | D:5      | 4928 ||| Stepping ~*~*~tactically~*~*~ (stealth).
  4954 | D:5      | 4954 ||| Stepping ~*~*~tactically~*~*~ (stealth).
  5016 | D:5      | 5016 ||| FLEEEEING.
  5020 | D:5      | 5020 ||| FLEEEEING.
  5021 | D:5      | 5021 ||| FLEEEEING.
  5026 | D:5      | 5026 ||| FLEEEEING.
  5038 | D:5      | 5038 ||| INVOKING Fiery Armour.
  5039 | D:5      | HP: 11/60 [iguana (5)]
  5040 | D:5      | Reached skill level 8 in Axes
  5040 | D:5      | 5040 ||| DRINKING potion of heal wounds.
  5221 | D:5      | 5221 ||| Stepping ~*~*~tactically~*~*~ (stealth).
  5252 | D:5      | Noticed Pikel
  5253 | D:5      | 5253 ||| Stepping ~*~*~tactically~*~*~ (stealth).
  5275 | D:5      | 5275 ||| INVOKING Fiery Armour.
  5277 | D:5      | Killed Pikel
  5278 | D:5      | Reached XP level 9. HP: 28/72 MP: 10/10
  6016 | D:5      | 6016 ||| READING scroll labelled UPERCH BIYVVATAMOGY.
  6046 | D:6      | 6046 ||| PLANNING SEWER
  6060 | D:6      | 6060 ||| Stepping ~*~*~tactically~*~*~ (stealth).
  6076 | D:6      | 6076 ||| SWAPPING to +0 war axe.
  6086 | D:6      | Identified the +3 buckler of the Watchman {Rampage Drain
                  | rCorr Str-3}
  6132 | D:6      | 6132 ||| INVOKING Fiery Armour.
  6217 | D:6      | 6217 ||| Stepping ~*~*~tactically~*~*~ (stealth).
  6222 | D:6      | Reached skill level 9 in Axes
  6284 | D:6      | Found a glowing drain.
  6285 | D:6      | 6285 ||| UPGRADING to +3 buckler of the Watchman {Rampage
                  | Drain rCorr Str-3}.
  6290 | D:6      | 6290 ||| DROPPING ring of resist corrosion.
  6291 | D:6      | 6291 ||| READING scroll labelled RYRATOCEYF.
  6291 | D:6      | Identified a scroll of acquirement
  6291 | D:6      | 6291 ||| ACQUIRING +2 pair of boots of Infinity {rElec
                  | Stlth+}
  6291 | D:6      | Acquired the +2 pair of boots of Infinity {rElec Stlth+}
  6293 | D:6      | 6293 ||| UPGRADING to +2 pair of boots of Infinity {rElec
                  | Stlth+}.
  6298 | D:6      | 6298 ||| UPGRADING to +0 plate armour.
  6308 | D:6      | 6308 ||| READING scroll labelled ZOIPAY DEMY.
  6435 | Sewer    | Entered a sewer
  6489 | Sewer    | Noticed Pargi
  6499 | Sewer    | Killed Pargi
  6509 | Sewer    | 6509 ||| READING scroll of enchant weapon.
  6509 | Sewer    | 6509 ||| ENCHANTING +0 war axe.
  6606 | D:6      | 6606 ||| PLANNING D:1-11
  6642 | D:6      | 6642 ||| INVOKING Fiery Armour.
  6644 | D:6      | Reached skill level 3 in Shields
  6904 | D:6      | 6904 ||| READING scroll of enchant armour.
  6904 | D:6      | 6904 ||| ENCHANTING +0 plate armour.
  6928 | D:6      | Identified the ring of Aderah {Str+5 Dex+6 Stlth-}
  7065 | D:6      | Found a staircase to the Ecumenical Temple.
  7134 | D:6      | You fall into a shaft and drop 3 floors!
  7173 | D:9      | Noticed a brown ugly thing
  7176 | D:9      | Noticed a white very ugly thing
  7176 | D:9      | Noticed a centaur warrior
  7176 | D:9      | Noticed a centaur warrior
  7177 | D:9      | Noticed a manticore
  7178 | D:9      | Found a transporter.
  7179 | D:9      | Noticed a cyclops
  7180 | D:9      | Noticed a slime creature
  7182 | D:9      | Found a transporter.
  7196 | D:9      | 7196 ||| Stepping ~*~*~tactically~*~*~ (stealth).
  7196 | D:9      | Noticed a komodo dragon
  7213 | D:9      | Killed a komodo dragon
  7222 | D:9      | 7222 ||| INVOKING Fiery Armour.
  7451 | D:9      | 7451 ||| UPGRADING to +0 pair of gloves.
  7456 | D:9      | 7456 ||| UPGRADING to ring of Aderah {Str+5 Dex+6 Stlth-}.
  7458 | D:9      | 7458 ||| DROPPING +6 ring of dexterity.
  7459 | D:9      | 7459 ||| READING 2 scrolls of identify.
  7459 | D:9      | 7459 ||| IDENTIFYING lumpy ruby potion
  7460 | D:9      | 7460 ||| DROPPING potion of magic.
  7659 | D:8      | 7659 ||| READING scroll of enchant weapon.
  7659 | D:8      | 7659 ||| ENCHANTING +1 war axe.
  7677 | D:8      | Reached XP level 10. HP: 63/79 MP: 11/11
  7774 | D:8      | 7774 ||| Stepping ~*~*~tactically~*~*~ (stealth).
  7779 | D:8      | 7779 ||| INVOKING Fiery Armour.
  7786 | D:8      | Reached skill level 10 in Axes
  7791 | D:8      | Reached skill level 6 in Armour
  7825 | D:8      | 7825 ||| READING 3 scrolls of identify.
  7825 | D:8      | 7825 ||| IDENTIFYING fuming cyan potion
  7826 | D:8      | 7826 ||| READING 2 scrolls of identify.
  7826 | D:8      | 7826 ||| IDENTIFYING bubbling ruby potion
  7827 | D:8      | 7827 ||| DROPPING potion of berserk rage.
  8118 | D:6      | Reached skill level 11 in Axes
  8162 | D:6      | 8162 ||| Stepping randomly (stuck).
  8345 | D:7      | 8345 ||| Stepping ~*~*~tactically~*~*~ (hiding).
  8901 | D:7      | Reached skill level 6 in Shields
  9089 | D:7      | 9089 ||| DRINKING 2 fizzy pink potions.
  9184 | D:8      | Found Kaxkaryw's Distillery.
  9192 | D:8      | 9192 ||| BUYING 2 potions of might (96 gold).
  9192 | D:8      | Bought 2 potions of might for 96 gold pieces
  9192 | D:8      | 9192 ||| BUYING potion of mutation (96 gold).
  9192 | D:8      | Bought a potion of mutation for 96 gold pieces
  9192 | D:8      | 9192 ||| BUYING potion of mutation (96 gold).
  9192 | D:8      | Bought a potion of mutation for 96 gold pieces
  9192 | D:8      | 9192 ||| BUYING potion of mutation (96 gold).
  9192 | D:8      | Bought a potion of mutation for 96 gold pieces
  9291 | D:8      | Found a shimmering altar of Xom.
  9311 | D:8      | Reached skill level 1 in Throwing
  9450 | D:8      | Found the +7 mace of Variability {chain chaos}
  9758 | D:8      | 9758 ||| Stepping ~*~*~tactically~*~*~ (stealth).
  9810 | D:8      | 9810 ||| Stepping ~*~*~tactically~*~*~ (stealth).
  9818 | D:8      | Found a radiant altar of Vehumet.
  9902 | D:8      | 9902 ||| UPGRADING to +0 cloak.
  9907 | D:8      | 9907 ||| READING 2 scrolls of identify.
  9907 | D:8      | 9907 ||| IDENTIFYING fizzy golden potion
  9908 | D:8      | 9908 ||| DROPPING potion of brilliance.
  9957 | D:9      | 9957 ||| Stepping ~*~*~tactically~*~*~ (hiding).
  9963 | D:9      | Reached skill level 3 in Throwing
 10121 | D:9      | Reached XP level 11. HP: 61/86 MP: 12/12
 10122 | D:9      | 10122 ||| INVOKING Fiery Armour.
 10272 | D:9      | Found a staircase to the Lair.
 10273 | D:9      | 10273 ||| PLANNING TEMPLE
 10529 | D:7      | 10529 ||| DRINKING 2 sedimented amethyst potions.
 10530 | D:7      | 10530 ||| DROPPING potion of flight.
 10567 | Temple   | Entered the Ecumenical Temple
 10625 | Temple   | 10625 ||| PLANNING CONVERSION TO OKAWARU
 10629 | Temple   | Fell from the grace of Ignis
 10629 | Temple   | Became a worshipper of Warmaster Okawaru
 10630 | Temple   | 10630 ||| PLANNING LAIR
 10761 | Lair:1   | Entered Level 1 of the Lair of Beasts
 10769 | Lair:1   | 10769 ||| READING scroll of enchant armour.
 10769 | Lair:1   | 10769 ||| ENCHANTING +0 pair of gloves.
 11074 | Lair:1   | Reached skill level 12 in Axes
 11077 | Lair:1   | Reached skill level 3 in Dodging
 11144 | Lair:1   | 11144 ||| Stepping ~*~*~tactically~*~*~ (stealth).
 11156 | Lair:1   | Reached * piety under Okawaru
 11206 | Lair:1   | 11206 ||| INVOKING Heroism.
 11210 | Lair:1   | Reached skill level 1 in Invocations
 11224 | Lair:1   | 11224 ||| READING scroll of acquirement.
 11224 | Lair:1   | 11224 ||| ACQUIRING +1 cloak "Tekhilei" {Will+}
 11224 | Lair:1   | Acquired the +1 cloak "Tekhilei" {Will+}
 11226 | Lair:1   | 11226 ||| UPGRADING to +1 cloak "Tekhilei" {Will+}.
 11236 | Lair:1   | 11236 ||| DROPPING +0 cloak.
 11321 | Lair:1   | Noticed Amaemon
 11322 | Lair:1   | 11322 ||| INVOKING Heroism.
 11337 | Lair:1   | 11337 ||| INVOKING Heroism.
 11349 | Lair:1   | Killed Amaemon
 11349 | Lair:1   | Reached ** piety under Okawaru
 11350 | Lair:1   | Reached skill level 3 in Invocations
 11424 | Lair:1   | 11424 ||| INVOKING Heroism.
 11431 | Lair:1   | HP: 18/86 [fire elemental[the fiery vengeance of Ignis]
                  | (8)]
 11432 | Lair:1   | 11432 ||| DRINKING 2 potions of heal wounds.
 11435 | Lair:1   | 11435 ||| DRINKING potion of heal wounds.
 11936 | Lair:1   | 11936 ||| INVOKING Heroism.
 11963 | Lair:1   | 11963 ||| INVOKING Heroism.
 11966 | Lair:1   | HP: 18/86 [fire elemental[the fiery vengeance of Ignis]
                  | (9)]
 11967 | Lair:1   | HP: 6/86 [fire elemental[the fiery vengeance of Ignis] (4)]
 11968 | Lair:1   | Mangled by a fire elemental

Levels and vault maps discovered:
D:1:      dpeg_arrival_brainrot, layout_basic,
          shapermc_ecumenical_altar_mp_urbaneastern
D:2:      wander_river, layout_loops_cross, basic_altar,
          minmay_worlds_worst_comb, uniq_terence
D:3:      layout_loops_ring
D:4:      layout_layer_cave, uniq_duvessa, uniq_ijyb
D:5:      layout_rooms, minmay_misc_feat_square, minmay_misc_feat_columns,
          minmay_manual_monstrance, uniq_pikel
D:6:      layout_basic, minmay_temple_entry_ruins, portal_sewer_entry_f
D:7:      layout_loops_corners
D:8:      layout_basic, vehumet_altar_wand_db, serial_shops, shop_statue,
          minivault_1, minmay_guarded_unrand_variability
D:9:      gammafunk_sealed_arena, layout_cave_pools, grunt_temple_overflow_open,
          nicolae_tso_swordbearing_angel, grunt_lair_entry_orc_guard_hut,
          hangedman_abyss_or_decor_stabs, dreamdust_princess_bridge
Temple:   regret_index_temple_waves
Lair:1:   layout_cave_pods, grunt_megastairs_4, infiniplex_staircase_pool,
          uniq_amaemon

Skill      XL: |  1  2  3  4  5  6  7  8  9 10 11 |
---------------+----------------------------------+-----
Axes           | 4 5 6 7 8 9 11 12 | 12.2
Armour         | 1 2 3 5 6 8 |  8.0
Dodging        | 1 2 3 |  3.0
Fighting       | 4 7 8 |  8.0
Shields        | 4 6 |  6.1
Throwing       | 4 |  4.1
Invocations    | 3 |  3.2
Spellcasting   | |  1.1
Fire Magic     | |  3.0

Action                   |  1- 3 |  4- 6 |  7- 9 | 10-12 || total
-------------------------+-------+-------+-------+-------++-------
Melee: Hand axe          |    73 |   142 |   148 |       ||   363
       Punch             |     1 |     2 |     4 |       ||     7
       War axe           |       |       |   100 |   291 ||   391
Throw: Javelin           |       |       |       |    16 ||    16
       Boomerang         |       |       |       |     1 ||     1
Invok: Fiery Armour      |     1 |     4 |     5 |     2 ||    12
       Heroism           |       |       |       |     6 ||     6
  Use: Scroll            |     5 |     8 |     8 |     5 ||    26
       Potion            |       |       |     3 |     4 ||     7
Armor: Robe              |    10 |       |       |       ||    10
       Scale mail        |     8 |    22 |       |       ||    30
       Plate armour      |       |    49 |    42 |   165 ||   256
       Ring mail         |       |       |    39 |       ||    39
Dodge: Dodged            |    31 |    70 |   152 |   150 ||   403
Block: Buckler           |       |       |    30 |   146 ||   176

Table legend:
 A = Non-vault XP
 B = Vault XP
 C = Vault XP percentage of total XP
 D = Non-vault monster count
 E = Vault monster count
 F = Vault count percentage of total count
                 A         B        C        D         E       F
            +---------+---------+-------+---------+---------+-------
      Total |    9031 |    3489 |  27.9 |     158 |      32 |  16.8
            +---------+---------+-------+---------+---------+-------
        D:1 |      27 |       5 |  15.6 |      14 |       1 |   6.7
        D:2 |     138 |      42 |  23.3 |      26 |       4 |  13.3
        D:3 |      26 |       0 |   0.0 |      13 |       0 |   0.0
        D:4 |     336 |     254 |  43.1 |      16 |       3 |  15.8
        D:5 |     467 |     840 |  64.3 |      12 |       5 |  29.4
        D:6 |     751 |       6 |   0.8 |      19 |       3 |  13.6
        D:7 |     922 |       0 |   0.0 |      20 |       0 |   0.0
        D:8 |    1954 |     361 |  15.6 |      15 |       3 |  16.7
        D:9 |    1857 |     628 |  25.3 |      10 |       6 |  37.5
     Lair:1 |    2553 |    1211 |  32.2 |      13 |       2 |  13.3
      Sewer |       0 |     142 | 100.0 |       0 |       5 | 100.0
            +---------+---------+-------+---------+---------+-------
